 Dungeon Crawl Stone Soup version 0.28.0-62-gf88900778d (webtiles) character file.

Game seed: 2111468363810576862

6111 cbfl8 the Basher (level 10, 0/57 (63) HPs)
             Began as a Gargoyle Berserker on Aug 14, 2023.
             Was an Elder of Trog.
             Slain by a killer bee (6 damage)
             ... on level 9 of the Dungeon.
             The game lasted 00:15:47 (11249 turns).

cbfl8 the Basher (Gargoyle Berserker)              Turns: 11249, Time: 00:15:49

HP:   0/57 (63)     AC: 26    Str: 20    XL:     10   Next: 89%
MP:   19/19         EV:  8    Int:  9    God:    Trog [****..]
Gold: 482           SH:  0    Dex: 15    Spells: 9/9 levels left

rFire   x . .      SeeInvis .   C - +8 great mace (venom)
rCold   + + .      Faith    .   (shield currently unavailable)
rNeg    + . .      Spirit   .   v - +0 chain mail
rPois   ∞          Reflect  .   z - +1 helmet of the Red Skies {Drain +Inv rC+ Dex+2}
rElec   +          Harm     .   h - +0 cloak
rCorr   .          Rampage  .   k - +2 pair of gloves
Will    .....                   x - +0 pair of boots
Stlth   ..........              b - amulet of regeneration
HPRegen 0.99/turn               y - ring of flight
MPRegen 0.16/turn               D - ring of Vurotra {rPois rF- rC+ MP+9}

@: on berserk cooldown, flying, slowed, studying 2 skills, drained, very slow
A: sickness immunity, AC +7, negative energy resistance 1, electricity
resistance, torment resistance 1, petrification resistance
a: Renounce Religion, Evoke Invisibility, Berserk, Trog's Hand, Brothers in Arms


You were on level 9 of the Dungeon.
You worshipped Trog.
Trog was greatly pleased with you.
You visited 1 branch of the dungeon, and saw 9 of its levels.
You also visited: Sewer.

You collected 547 gold pieces.
You spent 65 gold pieces at shops.

Inventory:

Hand Weapons
 C - a +8 great mace of venom (weapon)
Missiles
 u - 6 javelins
 w - 5 throwing nets
Armour
 h - a +0 cloak (worn)
 k - a +2 pair of gloves (worn)
 v - a +0 chain mail (worn)
 x - a +0 pair of boots (worn)
 z - the +1 helmet of the Red Skies (worn) {Drain +Inv rC+ Dex+2}
   (You found it on level 6 of the Dungeon)

   Dex:       It affects your dexterity (+2).
   rC:        It protects you from cold.
   +Inv:      It lets you turn invisible.
   Drain:     It drains your maximum health when unequipped.
 E - a +0 kite shield
Jewellery
 b - an amulet of regeneration (around neck)
 i - a ring of ice
 y - a ring of flight (left hand)
 D - the ring of Vurotra (right hand) {rPois rF- rC+ MP+9}
   (You found it on level 6 of the Dungeon)

   [ring of protection from cold]

   rF:        It makes you vulnerable to fire.
   rC:        It protects you from cold.
   rPois:     It protects you from poison.
   MP:        It affects your magic capacity (+9).
Wands
 a - a wand of digging (4)
 B - a wand of acid (8) (quivered)
 H - a wand of iceblast (6)
Scrolls
 c - 3 scrolls of noise
 d - a scroll of fog
 g - 2 scrolls of magic mapping
 l - a scroll of brand weapon
 q - 2 scrolls of fear
 s - 2 scrolls of blinking
Potions
 e - 5 potions of lignification
 m - 2 potions of resistance {unknown}
 n - 2 potions of flight {unknown}
 o - a potion of mutation {unknown}
 p - 3 potions of curing
 r - a potion of invisibility {unknown}
 t - a potion of brilliance {unknown}
 A - 2 potions of haste {unknown}
 F - a potion of cancellation {unknown}


   Skills:
 + Level 7.3 Fighting
 + Level 10.5 Maces & Flails
 * Level 2.4 Throwing
 + Level 8.0 Armour
 - Level 1.5 Dodging
 + Level 1.3 Stealth
 + Level 3.1 Shields
 * Level 6.8 Evocations


You had 9 spell levels left.
You didn't know any spells.
Your spell library was empty.

Dungeon Overview and Level Annotations

Branches:
Dungeon (9/15)             Temple (0/1) D:7           Sewer (visited)
   Lair: D:8-11         Orc: D:9-12

Altars:
Cheibriados
Elyvilon
Makhleb
Ru

Shops:
D:2 !


Innate Abilities, Weirdness & Mutations

You are immune to sickness and miasma.
Your stone body is resilient. (AC +7)
You are immune to poison.
You resist negative energy. (rN+)
You are resistant to electric shocks. (rElec)
You are resistant to unholy torment.
You are immune to petrification.


Message History

The killer bee barely misses you.
The killer bee stings you but does no damage.
The killer bee barely misses you.
The killer bee stings you but does no damage. x2
The killer bee barely misses you.
The killer bee stings you but does no damage.
You feel much better. The killer bee closely misses you. x2
The killer bee stings you but does no damage. x2
The killer bee closely misses you.
The killer bee stings you but does no damage.
The killer bee barely misses you. The killer bee stings you. x2
The killer bee barely misses you.
The killer bee stings you but does no damage. x4
The killer bee closely misses you. x2
The killer bee stings you but does no damage.
The killer bee barely misses you. The killer bee stings you.
The killer bee barely misses you.
The killer bee stings you but does no damage. x5
Okay, then.
Press: ? - help, . - travel You can't see that place.
You feel drained.
You fail to use your ability.
The killer bee stings you but does no damage.
The killer bee barely misses you. The killer bee stings you!
The killer bee completely misses you. The killer bee barely misses you.
The killer bee stings you.
* * * LOW HITPOINT WARNING * * *
The killer bee stings you but does no damage. x2
The killer bee closely misses you.
The killer bee stings you but does no damage.
The killer bee stings you.
* * * LOW HITPOINT WARNING * * *
The killer bee stings you but does no damage.
The killer bee stings you.
* * * LOW HITPOINT WARNING * * *
The killer bee stings you but does no damage. x3
The killer bee stings you.
* * * LOW HITPOINT WARNING * * *
The killer bee stings you.
You die...

###+######
......!..#
....!.††.#
.!....!!.#
†.....yy.#
..†!.yyyy#
...!yyyyy+
....yyy@y#
.....yyyy#
..†..!yy.#
##########


You could see 21 killer bees.

Vanquished Creatures
  A two-headed ogre (D:7)
  Pikel (D:6)
  Joseph (D:8)
  A troll (D:6)
  A queen bee (D:9)
  A wyvern (D:6)
  Eustachio (D:4)
  2 steam dragons
  A water moccasin (D:9)
  A black bear (D:7)
  2 orc warriors (D:7)
  A sky beast (D:7)
  An ice beast (D:7)
  2 necrophages (D:6)
  An ogre (D:7)
  2 centaurs
  A phantom (D:6)
  A kobold brigand (D:7)
  4 lemures (D:5)
  Blork the orc (D:5)
  4 bullfrogs
  2 gnoll sergeants
  A wyvern zombie (D:5)
  2 scorpions
  15 killer bees
  4 wights (D:7)
  4 howler monkeys
  3 centaur zombies
  A gnoll shaman (D:8)
  3 hounds
  4 orc priests
  3 centaur skeletons (D:7)
  3 iron imps (D:8)
  A jelly (D:4)
  Terence (D:2)
  4 iguanas
  3 orc wizards
  A hound skeleton (D:5)
  6 river rats
  9 adders
  11 gnolls
  A shadow imp (D:7)
  A white imp (D:7)
  4 dart slugs
  3 worms
  21 orcs
  6 endoplasms
  A giant cockroach (D:3)
  5 goblins
  7 hobgoblins
  7 jackals
  18 kobolds
  5 quokkas
  8 ball pythons
  8 frilled lizards
  20 rats
227 creatures vanquished.

Notes
Turn   | Place    | Note
-------+----------+-------------------------------------------
     0 | D:1      | cbfl8 the Gargoyle Berserker began the quest for the Orb.
     0 | D:1      | Reached XP level 1. HP: 14/14 MP: 1/1
   454 | D:1      | Reached XP level 2. HP: 12/19 MP: 2/2
   719 | D:1      | Found a faded altar of an unknown god.
   929 | D:1      | Reached skill level 1 in Evocations
   940 | D:1      | Reached XP level 3. HP: 11/23 MP: 3/3
  2432 | D:2      | Noticed Terence
  2439 | D:2      | Killed Terence
  2440 | D:2      | Reached XP level 4. HP: 17/29 MP: 4/4
  2912 | D:2      | Found Lekhlaco's Distillery.
  2922 | D:2      | Bought a potion of heal wounds for 65 gold pieces
  3368 | D:3      | Noticed a scorpion
  3379 | D:3      | Killed a scorpion
  3380 | D:3      | Reached skill level 4 in Maces & Flails
  3380 | D:3      | Reached skill level 1 in Stealth
  3380 | D:3      | Reached XP level 5. HP: 33/33 MP: 5/5
  4434 | D:4      | Reached ** piety under Trog
  4449 | D:4      | Reached XP level 6. HP: 26/38 MP: 6/6
  4482 | D:4      | Noticed Eustachio
  4504 | D:4      | Killed Eustachio
  4505 | D:4      | Reached skill level 5 in Maces & Flails
  4515 | D:4      | Reached XP level 7. HP: 30/44 MP: 7/7
  4517 | D:4      | Found a glowing drain.
  4538 | Sewer    | Entered a sewer
  5904 | D:4      | Reached *** piety under Trog
  6370 | D:5      | Entered Level 5 of the Dungeon
  6394 | D:4      | Reached skill level 6 in Maces & Flails
  6662 | D:5      | Noticed Blork the orc
  6670 | D:5      | Killed Blork the orc
  6671 | D:5      | Reached XP level 8. HP: 48/48 MP: 8/8
  6972 | D:5      | Reached skill level 5 in Armour
  7084 | D:5      | Reached skill level 5 in Fighting
  7103 | D:5      | Found a snail-covered altar of Cheibriados.
  7699 | D:6      | Found a sacrificial altar of Ru.
  7743 | D:6      | Reached skill level 7 in Maces & Flails
  7743 | D:6      | Reached skill level 1 in Shields
  7748 | D:6      | Noticed a wyvern
  7758 | D:6      | Killed a wyvern
  7869 | D:6      | Noticed a troll
  7925 | D:6      | Killed a troll
  7926 | D:6      | Reached XP level 9. HP: 53/54 MP: 9/9
  7960 | D:6      | Found a white marble altar of Elyvilon.
  7970 | D:6      | Noticed Pikel
  8019 | D:6      | Identified the ring of Vurotra {rPois rF- rC+ MP+9}
  8135 | D:6      | Identified the +1 helmet of the Red Skies {Drain +Inv rC+
                  | Dex+2}
  8485 | D:6      | Killed Pikel
  8486 | D:6      | Reached skill level 8 in Maces & Flails
  8486 | D:6      | Reached skill level 5 in Evocations
  8736 | D:7      | Identified a scroll of acquirement
  8738 | D:7      | Acquired a +6 vorpal great mace
  8763 | D:7      | Noticed a two-headed ogre
  8771 | D:7      | Killed a two-headed ogre
  8772 | D:7      | Reached skill level 9 in Maces & Flails
  8772 | D:7      | Reached XP level 10. HP: 10/61 MP: 10/10
  8890 | D:7      | Found a staircase to the Ecumenical Temple.
  9775 | D:8      | Reached **** piety under Trog
  9814 | D:8      | Noticed Joseph
 10344 | D:8      | Killed Joseph
 10351 | D:8      | Reached skill level 10 in Maces & Flails
 10727 | D:8      | Found a burning altar of Makhleb.
 10944 | D:9      | Reached skill level 1 in Throwing
 11211 | D:9      | Noticed an ogre mage
 11249 | D:9      | Slain by a killer bee

Illustrated notes

Levels and vault maps discovered:
D:1:      lightli_molten_gateway, layout_basic,
          hellmonk_ecumenical_altar_blasted, serial_bayou_crossing
D:2:      layout_basic, serial_shops, nicolae_shop_hallway_plus, uniq_terence
D:3:      cheibrodos_pilgrimage, layout_basic
D:4:      layout_cave_pools, portal_sewer_entry_b, uniq_eustachio
D:5:      layout_basic, lemuel_round_altar, grunt_ministairs_7,
          uniq_blork_the_orc
D:6:      layout_basic, kennysheep_little_box, mainiacjoe_overflow_chevrons,
          minmay_misc_feat_encased, due_unseen_surprise, uniq_pikel
D:7:      layout_loops_ring, minmay_temple_entry_poolview,
          minmay_manual_macuahuitl
D:8:      layout_rooms, demons_altar, minmay_misc_feat_diagonals, uniq_joseph
D:9:      layout_roguey [special_room_bee], lemuel_tele_altar,
          kennysheep_island_fort

Skill      XL: |  1  2  3  4  5  6  7  8  9 10 |
---------------+-------------------------------+-----
Evocations     | 1 2 3 4 5 6 |  6.8
Fighting       | 4 5 6 7 |  7.3
Maces & Flails | 4 5 6 7 9 10 | 10.5
Stealth        | 1 |  1.3
Armour         | 3 4 5 7 8 |  8.0
Shields        | 1 3 |  3.1
Throwing       | 2 |  2.4
Dodging        | |  1.5

Action                   |  1- 3 |  4- 6 |  7- 9 | 10-12 || total
-------------------------+-------+-------+-------+-------++-------
Melee: Mace              |   105 |   119 |   392 |       ||   616
       Punch             |       |     3 |     1 |       ||     4
       Great mace        |       |       |     7 |   159 ||   166
Invok: Berserk           |     3 |     3 |     8 |     4 ||    18
Evoke: Wand              |       |    13 |     3 |     1 ||    17
  Use: Scroll            |       |     4 |    10 |     7 ||    21
       Potion            |       |       |       |     4 ||     4
Armor: Animal skin       |    24 |       |       |       ||    24
       Ring mail         |    12 |       |       |       ||    12
       Scale mail        |       |    75 |    73 |       ||   148
       Chain mail        |       |       |   213 |   329 ||   542
Dodge: Dodged            |    57 |    58 |   165 |   188 ||   468
Block: Buckler           |       |       |    46 |       ||    46
